 Dungeon Crawl Stone Soup version 0.18.1-48-g4cf74bf (webtiles) character file.

27 Ninteki the Skirmisher (level 2, -1/24 HPs)
             Began as a Demonspawn Abyssal Knight on Aug 11, 2016.
             Was a Follower of Lugonu.
             Slain by a hobgoblin
             ... wielding a +0 club
              (5 damage)
             ... on level 1 of the Dungeon.
             The game lasted 00:09:26 (585 turns).

Ninteki the Skirmisher (Demonspawn Abyssal Knight)   Turns: 585, Time: 00:09:26

Health: -1/24      AC:  3    Str: 12    XL:     2   Next: 93%
Magic:  3/3        EV: 11    Int: 13    God:    Lugonu [*.....]
Gold:   40         SH:  0    Dex: 12    Spells: 0 memorised, 1 level left

rFire  . . .     SeeInvis .     a - +1 hand axe {what?}
rCold  . . .     Gourm    .     b - +0 leather armour
rNeg   . . .     Faith    .     (no shield)
rPois  .         Spirit   .     (no helmet)
rElec  .         Dismiss  .     (no cloak)
rCorr  .         Reflect  .     (no gloves)
SustAt .         Harm     .     (no boots)
MR     .....                    (no amulet)
Stlth  ++........               (no ring)
                                (no ring)

@: not resistant to hostile enchantments, unstealthy
A: nightstalker 1
a: Depart the Abyss, Renounce Religion


You were on level 1 of the Dungeon.
You worshipped Lugonu.
Lugonu was aware of your devotion.
You were not hungry.

You visited 1 branch of the dungeon, and saw 1 of its levels.
You visited the Abyss 1 time.

You collected 40 gold pieces.

Inventory:

Hand Weapons
 a - a +1 hand axe (weapon) {what?}
 d - a +0 hand axe
Armour
 b - a +0 leather armour (worn)
Potions
 e - a potion of magic {unknown}
 f - a potion of lignification {unknown}
Comestibles
 c - 2 bread rations


   Skills:
 * Level 3.2 Fighting
 * Level 2.3 Axes
 + Level 2.0 Armour
 + Level 1.4 Dodging
 + Level 2.5 Invocations


You had one spell level left.
You didn't know any spells.

Dungeon Overview and Level Annotations

Branches:
Dungeon (1/15)

Altars:


Innate Abilities, Weirdness & Mutations

You are slightly more attuned to the shadows.


Message History

The stone hits you.
You barely miss the hobgoblin.
The hobgoblin is heavily wounded.
The bat completely misses you. The hobgoblin closely misses you.
You hit the hobgoblin.
The hobgoblin is severely wounded.
The bat barely misses you.
The kobold throws a stone.
The stone hits you. The hobgoblin hits you with a club.
You closely miss the hobgoblin.
The hobgoblin is severely wounded.
You barely miss the bat. The bat barely misses you.
The kobold throws a stone.
The stone hits you but does no damage. The hobgoblin barely misses you.
The kobold throws a stone.
The stone hits you.
You completely miss the hobgoblin.
The hobgoblin is severely wounded.
The bat hits you but does no damage. The hobgoblin hits you with a club.
The bat barely misses you. The hobgoblin hits you with a club.
* * * LOW HITPOINT WARNING * * *
The bat hits you but does no damage. The hobgoblin hits you with a club.
You die...

########....### #.####
###.##### ##.## #.......#
#...# #.......#
#...###### ##.......#
#...##.... #........#
#####...##.###
#.....Kgb###...........#.
......(.@...............[
##.....(.###...........##
######.## #####..)##.###
#.# #(.รท##.... ...
#...###### ...[.
#...###.## ......
##.......# ######.##
######.#


You could see a hobgoblin, a bat and a kobold.

Vanquished Creatures
  3 dart slugs (D:1)
  A giant cockroach (D:1)
  6 hobgoblins (D:1)
  6 bats (D:1)
  3 giant newts (D:1)
  A kobold (D:1)
20 creatures vanquished.

Notes
Turn   | Place    | Note
--------------------------------------------------------------
     0 | Abyss:1  | Ninteki the Demonspawn Abyssal Knight began the quest for the Orb.
     0 | Abyss:1  | Reached XP level 1. HP: 18/18 MP: 2/2
    10 | D:1      | Escaped the Abyss
   154 | D:1      | Reached skill level 1 in Dodging
   161 | D:1      | Reached * piety under Lugonu
   161 | D:1      | Gained mutation: You are slightly more attuned to the shadows. [demonic ancestry]
   161 | D:1      | Reached XP level 2. HP: 23/24 MP: 3/3
   585 | D:1      | Slain by a hobgoblin

Skill      XL: |  1  2 |
---------------+-------+-----
Axes           | 2 |  2.3
Dodging        | 1 |  1.4
Armour         | 2 |  2.0
Fighting       | |  3.2
Invocations    | |  2.5

Action                   || total
-------------------------++-------
Melee: Hand axe          ||    65
Invok: Depart the Abyss  ||     1
 Stab: Distracted        ||     1
       Sleeping          ||     1
Armor: Leather armour    ||    43
Dodge: Dodged            ||    76
